 Dungeon Crawl Stone Soup version 0.26-a0-812-g31a745ddcd (webtiles) character file.

Game seed: 6872503034350318801

8046 kae the Zephyrmancer (level 11, -1/64 HPs)
             Began as a Tengu Air Elementalist on Nov 26, 2020.
             Was a Believer of Vehumet.
             Succumbed to a hornet's poison
             ... on level 11 of the Dungeon.
             The game lasted 00:15:07 (17295 turns).

kae the Zephyrmancer (Tengu Air Elementalist)      Turns: 17295, Time: 00:15:07

Health: -1/64      AC:  8    Str:  9    XL:     11   Next: 24%
Magic:  2/20       EV: 23    Int: 19    God:    Vehumet [**....]
Gold:   548        SH:  0    Dex: 14    Spells: 6/21 levels left

rFire    . . .     SeeInvis .   (no weapon)
rCold    . . .     Faith    .   (no shield)
rNeg     . . .     Spirit   .   a - +2 robe
rPois    .         Reflect  .   j - +2 hat
rElec    .         Harm     .   s - +1 cloak {MR+}
rCorr    .         Rampage  .   (no gloves)
MR       +....                  (boots unavailable)
Stlth    +++.......             (no amulet)
HPRegen  0.20/turn              c - ring of wizardry
MPRegen  0.17/turn              v - +4 ring of evasion

@: lethally poisoned (-1 -> -8), flying quickly and evasively, slowed, very slow
A: beak, talons 3, able to fly
a: Stop Flying, Renounce Religion


You were on level 11 of the Dungeon.
You worshipped Vehumet.
Vehumet was pleased with you.
You visited 2 branches of the dungeon, and saw 12 of its levels.

You collected 895 gold pieces.
You spent 347 gold pieces at shops.

Inventory:

Armour
 a - a +2 robe (worn)
 j - a +2 hat (worn)
 k - a scarf of repulsion
 s - a +1 cloak of magic resistance (worn)
Jewellery
 c - a ring of wizardry (left hand)
 h - a +4 ring of evasion
 l - an uncursed ring of protection from magic
 m - a +6 ring of dexterity
 q - an uncursed amulet of magic regeneration
 r - an uncursed amulet of faith
 t - an uncursed ring of protection from fire
 v - a +4 ring of evasion (right hand)
 C - an uncursed ring of positive energy
Wands
 d - a wand of random effects (29)
 p - a wand of disintegration (16)
 w - a wand of polymorph (22)
 x - a wand of flame (33)
Scrolls
 e - 2 scrolls of enchant weapon
 f - 2 scrolls of identify
 g - a scroll of teleportation
 i - a scroll of blinking
 y - a scroll of enchant armour
 A - a scroll of fog
 B - a scroll of remove curse
Potions
 b - 8 potions of curing
 n - 2 potions of brilliance
 u - a potion of resistance
 z - a potion of flight
 E - a potion of magic
 F - a potion of berserk rage


   Skills:
 + Level 5.9 Fighting
 + Level 6.8 Dodging
 + Level 6.8 Stealth
 + Level 5.7 Spellcasting
 * Level 11.3 Conjurations
 * Level 11.7 Air Magic


You had 6 spell levels left.
You knew the following spells:

 Your Spells              Type           Power        Failure   Level
a - Shock                 Conj/Air       ####         1%          1
b - Static Discharge      Conj/Air       #####...     1%          3
c - Airstrike             Air            ######....   1%          4
d - Lightning Bolt        Conj/Air       #####.....   1%          5
e - Swiftness             Air            ######..     1%          2

Your spell library contained the following spells:

 Spells                   Type           Power        Failure   Level
 Searing Ray              Conj           #####.       1%          2
 Poisonous Vapours        Pois/Air       ####..       1%          2
 Mephitic Cloud           Conj/Pois/Air  ####....     1%          3
 Sting                    Tmut/Pois      #...         4%          1
 Ignite Poison            Fire/Tmut/Pois #.......     14%         3
 Olgreb's Toxic Radiance  Pois           #.......     41%         4


Dungeon Overview and Level Annotations

Branches:
Dungeon (11/15)            Temple (1/1) D:5            Lair (0/6) D:11
    Orc (0/2) D:10

Altars:
Ashenzari
Cheibriados
Dithmenos
Elyvilon
Fedhas
Gozag
Hepliaklqana
Kikubaaqudgha
Makhleb
Nemelex Xobeh
Okawaru
Qazlal
Ru
Sif Muna
Trog
Uskayaw
Vehumet
Wu Jian
Xom
Yredelemnul
Zin
The Shining One

Shops:
D:5 ?   D:6 ==[=   D:9 *   D:10 ![

Portals:
Trove: D:10 (lose all piety)

Annotations:
D:4 exclusion: ogre
D:6 3 runed translucent doors, Amon001's ghost, weakling GnDe
D:10 Fannar
D:11 Sonja


Innate Abilities, Weirdness & Mutations

You have a beak for a mouth.
You have claws for feet.
You can fly continuously.


Message History

You feel sick. The hornet misses you. The hellwing misses you.
The hellwing completely misses you.
The teleport trap disappears.
The orc sorcerer disappears!
The hornet barely misses you. The hellwing closely misses you.
The hellwing completely misses you.
Casting: Airstrike (safe; 1% risk of failure)
Confirm with . or Enter, or press ? or * to list all spells.
Aiming: Airstrike (safe; 1% risk of failure)
Press: ? - help, Dir - move target cursor, f/p - hornet
Aim: a hornet (almost dead)
The air twists around and violently strikes the hornet!
You kill the hornet!
Vehumet accepts your kill.
You feel your power returning.
You feel sick.
The boulder beetle stops rolling and uncurls.
The red devil misses you. The hellwing completely misses you.
The hellwing hits you!
* * * LOW HITPOINT WARNING * * *
Press: ? - help, Dir - move target cursor
As you read the scroll of blinking, it crumbles to dust.
You die...

**,* #c## # **,* ########.# #
**,* #......4o# ########### **,*
#.######4# #..........
**,**######.## ##ยง####.#########
,*,,,........## #..4..........#
*,,,,.........# #..####.#####.#
,****####.....###..# #.#####.#**
,,,,,...........@..####........,,
*****##..................####.#**
#...o..............## *,*
##............###### **,**
##...........# ******,,,**
##..........# *,,,,,,,>,,
##.........# *,****,<,**
##.......## *,* **,** ##.....##
*,* *,*


You could see a hellwing (summoned), an ice devil (summoned) and 2 orc
sorcerers.

Vanquished Creatures
  2 two-headed ogres
  Psyche (D:9)
  Joseph (D:10)
  2 trolls
  A hornet (D:11)
  3 yaks (D:9)
  Menkaure (D:7)
  A water moccasin (D:5)
  3 sky beasts
  2 black bears (D:9)
  4 phantoms
  4 orc warriors
  An ice beast (D:7)
  A necrophage (D:7)
  4 ogres
  5 centaurs
  A big kobold (D:10)
  5 bullfrogs
  2 wyvern skeletons
  4 scorpions
  4 wights (D:10)
  3 howler monkeys
  3 jellies
  5 hounds
  A centaur zombie (D:6)
  2 quasits
  3 orc priests
  3 bullfrog skeletons
  10 orc wizards
  3 bullfrog zombies (D:7)
  Jessica (D:3)
  Ijyb (D:3)
  Natasha (twice) (D:2)
  A statue (D:5)
  11 worker ants
  A hound zombie (D:6)
  4 hound skeletons
  3 gnolls (D:8)
  A worker ant zombie (D:11)
  24 adders
  A shadow imp (D:10)
  5 white imps
  An ufetubus (D:7)
  3 oozes
  2 adder skeletons
  An adder zombie (D:6)
  5 worms
  2 dart slugs
  4 leopard geckos
  26 orcs
  5 bats
  2 giant cockroaches
  7 goblins
  4 hobgoblins
  23 jackals
  5 quokkas
  5 ball pythons
  7 frilled lizards
  16 kobolds
  A leopard gecko zombie (D:8)
  A quokka skeleton (D:8)
  5 rats
265 creatures vanquished.

Vanquished Creatures (others)
  2 fungi (D:3)
  23 plants (D:2)
25 creatures vanquished.

Grand Total: 290 creatures vanquished

Notes
Turn   | Place    | Note
-------+----------+-------------------------------------------
     0 | D:1      | kae the Tengu Air Elementalist began the quest for the Orb.
     0 | D:1      | Reached XP level 1. HP: 10/10 MP: 4/4
   387 | D:1      | Reached XP level 2. HP: 15/15 MP: 4/6
  1115 | D:1      | Reached XP level 3. HP: 15/20 MP: 4/7
  1816 | D:2      | Found a white marble altar of Elyvilon.
  2239 | D:2      | Reached XP level 4. HP: 24/24 MP: 1/8
  2389 | D:2      | Reached skill level 1 in Fighting
  2590 | D:2      | Noticed Natasha
  2595 | D:2      | Killed Natasha
  2595 | D:2      | Reached skill level 5 in Air Magic
  3125 | D:2      | Gained mutation: You can fly continuously. [Tengu growth]
  3125 | D:2      | Reached XP level 5. HP: 29/29 MP: 4/9
  3218 | D:2      | Noticed Natasha
  3232 | D:2      | Killed Natasha
  3412 | D:2      | Found an ornate altar of the Wu Jian Council.
  3571 | D:3      | Found a glowing golden altar of the Shining One.
  3571 | D:3      | Found an opulent altar of Gozag.
  3572 | D:3      | Found a snail-covered altar of Cheibriados.
  3620 | D:3      | Found a hide-covered altar of Uskayaw.
  3677 | D:3      | Noticed Ijyb
  3729 | D:2      | Learned a level 3 spell: Static Discharge
  3734 | D:2      | Learned a level 4 spell: Airstrike
  3788 | D:3      | Killed Ijyb
  3898 | D:3      | Noticed Jessica
  3904 | D:3      | Killed Jessica
  3985 | D:3      | Reached XP level 6. HP: 15/35 MP: 2/10
  4313 | D:3      | Found a shadowy altar of Dithmenos.
  6104 | D:5      | Entered Level 5 of the Dungeon
  6162 | D:5      | Found Cyil's Magic Scroll Boutique.
  6168 | D:5      | Bought a scroll of identify for 20 gold pieces
  6260 | D:5      | Found a radiant altar of Vehumet.
  6294 | D:5      | Reached XP level 7. HP: 33/40 MP: 0/12
  6424 | D:5      | Reached skill level 5 in Conjurations
  6884 | D:5      | Found a staircase to the Ecumenical Temple.
  7641 | D:6      | Found a glowing drain.
  7803 | D:6      | Found Ceidutwa's Jewellery Emporium.
  7816 | D:6      | Found Pynavac's Antique Armour Boutique.
  7824 | D:6      | Reached XP level 8. HP: 32/45 MP: 1/13
  7939 | D:6      | Bought an embroidered cloak for 210 gold pieces
  7984 | D:6      | Found Nyecrer's Jewellery Shoppe.
  8017 | D:6      | Found Roarch's Jewellery Shop.
  8024 | D:6      | Bought a cursed -4 ring of protection for 20 gold pieces
  8024 | D:6      | Bought a cursed ring of teleportation for 45 gold pieces
  8328 | D:6      | Found a basalt altar of Yredelemnul.
  8330 | D:6      | Found a bloodstained altar of Trog.
  8395 | D:6      | Found a stormy altar of Qazlal.
  8418 | D:6      | Found a shimmering altar of Xom.
  8419 | D:6      | Found a glowing silver altar of Zin.
  8430 | D:6      | Found a runed translucent gate.
  8431 | D:6      | Found a runed translucent gate.
  8431 | D:6      | Found an opulent altar of Gozag.
  8489 | D:6      | Found a runed translucent gate.
  8637 | D:6      | Found a glowing golden altar of the Shining One.
  8903 | D:6      | Found a white marble altar of Elyvilon.
  9528 | D:6      | Noticed Amon001's ghost (weakling GnDe)
  9529 | D:6      | Noticed a cyclops
  9568 | D:6      | Found a sacrificial altar of Ru.
  9586 | Temple   | Entered the Ecumenical Temple
  9879 | D:5      | Became a worshipper of Vehumet
  9940 | D:7      | Reached XP level 9. HP: 52/52 MP: 0/16
 10528 | D:7      | Noticed Menkaure
 10531 | D:7      | Killed Menkaure
 10814 | D:7      | Reached skill level 5 in Stealth
 11125 | D:7      | Reached skill level 5 in Dodging
 11723 | D:8      | Noticed a two-headed ogre
 12404 | D:8      | Killed a two-headed ogre
 12404 | D:8      | Reached skill level 10 in Air Magic
 12404 | D:8      | Reached XP level 10. HP: 42/58 MP: 0/18
 13005 | D:8      | Reached * piety under Vehumet
 13005 | D:8      | Offered knowledge of Magic Dart by Vehumet.
 13527 | D:9      | Reached skill level 5 in Fighting
 13709 | D:9      | Reached skill level 5 in Spellcasting
 13743 | D:9      | Reached skill level 10 in Conjurations
 13963 | D:9      | Learned a level 5 spell: Lightning Bolt
 13966 | D:9      | Learned a level 2 spell: Swiftness
 13983 | D:9      | Noticed Psyche
 13988 | D:9      | Killed Psyche
 14328 | D:9      | Noticed a two-headed ogre
 14332 | D:9      | Killed a two-headed ogre
 15072 | D:9      | Found Miuluski's Assorted Antiques.
 15080 | D:9      | Bought a purple potion for 26 gold pieces
 15080 | D:9      | Bought an amethyst potion for 26 gold pieces
 15367 | D:10     | Entered Level 10 of the Dungeon
 15367 | D:10     | Noticed Fannar
 15458 | D:10     | Offered knowledge of Sandblast by Vehumet.
 15463 | D:10     | Reached ** piety under Vehumet
 15586 | D:10     | Found a staircase to the Orcish Mines.
 15595 | D:10     | Reached XP level 11. HP: 64/64 MP: 14/20
 15789 | D:10     | Found a portal to a secret trove of treasure.
 16282 | D:10     | Found Weekim's Distillery.
 16336 | D:10     | Noticed Joseph
 16341 | D:10     | Killed Joseph
 16814 | D:10     | Found Daipa's Armour Emporium.
 17189 | D:11     | Offered knowledge of Searing Ray by Vehumet.
 17251 | D:11     | Noticed a boulder beetle
 17255 | D:11     | Noticed Sonja
 17265 | D:11     | Noticed a five-headed hydra
 17282 | D:11     | Noticed an orc sorcerer
 17282 | D:11     | Noticed an orc sorcerer
 17294 | D:11     | HP: 1/64 [hellwing[an orc sorcerer] (8)]
 17295 | D:11     | Succumbed to a hornet's poison

Illustrated notes

Levels and vault maps discovered:
D:1:      roderic_octagonal_star, layout_basic, serial_co_window_serial,
          co_window_of_opportunity_a, co_window_corner_a, co_window_paths_a,
          co_window_of_opportunity_a, co_window_of_opportunity_a,
          co_window_corner_b, co_window_corner_cb, co_window_broadway_b,
          co_window_4corner_b, co_window_4corner_a, glass_columns_b
D:2:      layout_basic, lemuel_coloured_pillars_altar, serial_bayou,
          serial_bayou_shore_a, serial_bayou_crossing, serial_bayou_pond_a,
          serial_bayou_pond_e, serial_bayou_lagoon_a, elyvilon_altar_5,
          uniq_natasha
D:3:      minmay_chambers_of_threes, layout_rooms,
          nicolae_overflow_quartered_altars, eat_drink_and_be_merry_uskayaw,
          minmay_shallow_snake_nest, uniq_jessica, uniq_ijyb
D:4:      layout_loops_ring, grunt_decor_resistance
D:5:      layout_loops_ring, vehumet_statue, minmay_temple_entry_glass,
          serial_shops, shop_statue
D:6:      layout_layer_cave, kennysheep_mini_moat,
          nicolae_overflow_hidden_temple, basic_altar, ebering_ghost_gozag,
          serial_shops, shop, shop, shop, nicolae_shop_waterfront,
          cheibrodos_sewer_entry_drain, lemuel_tele_altar
D:7:      layout_basic, uniq_menkaure
D:8:      layout_basic
D:9:      layout_irregular_city, serial_shops, shop, kennysheep_generic_room_6,
          uniq_psyche
D:10:     layout_irregular_city, orc_0_dummy, serial_shops, shop_coins,
          nicolae_shop_statue_plus, enter_trove_6, uniq_fannar, uniq_joseph
D:11:     cheibrodos_wizards_tower, layout_loops_ring, david_lair_shrubbed,
          grunt_qazlal_sundering, uniq_sonja
Temple:   compressed_dpeg_triangle_lava_temple

Skill      XL: |  1  2  3  4  5  6  7  8  9 10 11 |
---------------+----------------------------------+-----
Conjurations   | 2 3 4 5 7 9 10 11 | 11.3
Fighting       | 1 2 3 4 5 |  5.9
Air Magic      | 5 6 7 8 10 11 | 11.7
Stealth        | 3 4 5 6 |  6.8
Dodging        | 3 4 5 6 |  6.8
Spellcasting   | 3 4 5 |  5.7

Action                   |  1- 3 |  4- 6 |  7- 9 | 10-12 || total
-------------------------+-------+-------+-------+-------++-------
Melee: Unarmed           |    24 |    95 |    60 |   101 ||   280
       Kick              |     7 |    17 |    19 |    34 ||    77
       Peck              |     3 |     8 |     5 |    21 ||    37
 Cast: Shock             |    83 |   159 |   127 |   101 ||   470
       Static Discharge  |       |     4 |     7 |    16 ||    27
       Airstrike         |       |       |    75 |    83 ||   158
       Lightning Bolt    |       |       |       |     6 ||     6
 Abil: Fly               |       |     1 |       |       ||     1
  Use: Scroll            |     4 |     7 |     6 |     8 ||    25
       Potion            |       |     6 |       |       ||     6
Armor: Robe              |     8 |    26 |    22 |    21 ||    77
       Skin              |       |     5 |       |       ||     5
Dodge: Dodged            |    27 |   122 |    99 |   163 ||   411
       Repelled          |       |     1 |     1 |       ||     2

Table legend: (Time is in decaauts)
 A = Elapsed time spent in this place.
 B = Non-inter-level travel time spent in this place.
 C = Inter-level travel time spent in this place.
 D = Time resting spent in this place.
 E = Time spent auto-exploring this place.
 F = Levels seen in this place.
 G = Mean time per level.
                   A        B        C        D        E       F      G
               +--------+--------+--------+--------+--------+-----+--------+
         Total |  16763 |  16275 |    488 |   1989 |  12532 |  12 | 1396.9 |
       Dungeon |  16526 |  16050 |    476 |   1989 |  12307 |  11 | 1502.4 |
        Temple |    236 |    225 |     11 |      0 |    225 |   1 |  236.0 |
               +--------+--------+--------+--------+--------+-----+--------+

Top non-repeatable levels by time:
     D:9: 2015 daAuts
     D:6: 1974 daAuts
     D:2: 1971 daAuts
     D:7: 1681 daAuts
    D:10: 1607 daAuts
     D:1: 1585 daAuts
     D:5: 1510 daAuts
     D:8: 1479 daAuts
     D:4: 1477 daAuts
     D:3: 978 daAuts
    D:11: 245 daAuts
  Temple: 236 daAuts
